cohdb
Replays
Latest Replays
All Replays
Popular Replays
Top Player Replays
Match Explorer
How It Works
Community
CoH3 Stats
Reddit
Sign in to upload your games and track your stats! →
Sign in with Steam
Match 46577976
Unlisted
Match 46577976
Overview
Messages
Build Orders
End
Construct Infanterie Kompanie
Pioneer Squad
MG 42 Machine Gun Team
MG 42 Machine Gun Team
Grenadier Squad
GrW 34 Mortar Team
Construct Panzergrenadier Kompanie
Pak 40 Anti-tank Gun Team
Grenadier Squad
MG 42 Machine Gun Team
Construct Panzer Kompanie
Blocky
PoteRush
crywo1f
derank c[o]mpany
0
0
Comments
sign in to comment!
No comments posted yet!